 Dungeon Crawl Stone Soup version 0.31-a0-233-g139696dc86 (webtiles) character file.

Game seed: 13153346774795265230

7003 Midn8 the Destroyer (level 11, -17/75 HPs)
             Began as an Octopode Conjurer on July 10, 2023.
             Was a High Priest of Okawaru.
             Demolished by a komodo dragon (20 damage)
             ... on level 1 of the Lair of Beasts.
             The game lasted 00:32:50 (14484 turns).

Midn8 the Destroyer (Octopode Conjurer)            Turns: 14484, Time: 00:32:51

Health: -17/75     AC:  1    Str:  7    XL:     11   Next: 8%
Magic:  9/17       EV: 13    Int: 23    God:    Okawaru [*****.]
Gold:   636        SH:  7    Dex: 10    Spells: 8/18 levels left

rFire   + . .        l - +4 dagger (protect)
rCold   + . .        x - +0 buckler
rNeg    + . .        (helmet restricted)
rPois   +            (no amulet)
rElec   .            i - ring of positive energy
rCorr   +            y - ring of protection from cold
SInv    +            H - ring of resist corrosion
Will    .....        F - ring of poison resistance
Stlth   +++++        G - ring of see invisible
HPRegen 0.32/turn    (no ring)
MPRegen 0.15/turn    (no ring)
                     (no ring)

%: no passive effects
@: about to teleport
A: almost no armour, amphibious, 8 rings, camouflage 1, gelatinous body 1,
(nimble swimmer 1), tentacles, large bone plates 1, clumsy 1, fire resistance 1
a: Renounce Religion, Heroism, Finesse, Duel


You were on level 1 of the Lair of Beasts.
You worshipped Okawaru.
Okawaru was extremely pleased with you.
You visited 2 branches of the dungeon, and saw 11 of its levels.
You also visited: Sewer and Ossuary.

You collected 636 gold pieces.

Inventory:

Hand Weapons
 e - a +0 whip of freezing
 h - a +0 dagger of draining
 l - a +4 dagger of protection (weapon)
Missiles
 g - 20 poisoned darts
 w - 2 atropa-tipped darts
Armour
 x - a +0 buckler (worn)
Jewellery
 i - a ring of positive energy (left tentacle)
 y - a ring of protection from cold (right tentacle)
 z - a ring of ice
 F - a ring of poison resistance (on tentacle)
 G - a ring of see invisible (on tentacle)
 H - a ring of resist corrosion (on tentacle)
Wands
 u - a wand of iceblast (11)
 v - a wand of flame (8)
 E - a wand of acid (3)
Scrolls
 n - 2 scrolls of fear
 o - 7 scrolls of fog
 A - 3 scrolls of teleportation
 B - a scroll of revelation
 C - a scroll of vulnerability {unknown}
Potions
 a - 2 potions of magic
 b - 4 potions of brilliance
 c - 2 potions of attraction {unknown}
 d - a potion of berserk rage {unknown}
 f - 3 potions of ambrosia
 j - 2 potions of curing {unknown}
 k - 5 potions of mutation
 m - 4 potions of heal wounds
 p - 3 potions of invisibility
 q - a potion of lignification {unknown}
 r - a potion of might {unknown}
 s - 3 potions of haste {unknown}
 t - 2 potions of cancellation {unknown}
 D - a potion of experience {unknown}


   Skills:
 - Level 7.0 Fighting
 - Level 6.0 Short Blades
 + Level 3.3 Throwing
 - Level 5.0 Dodging
 - Level 8.0 Stealth
 - Level 4.0 Spellcasting
 - Level 8.0 Conjurations
 - Level 6.0 Hexes
 - Level 4.0 Invocations
 - Level 4.0 Evocations


You had 8 spell levels left.
You knew the following spells:

 Your Spells              Type           Power      Damage    Failure   Level
a - Magic Dart            Conj           100%       1d8       1%          1
d - Dazzling Flash        Conj/Hex       72%        N/A       3%          3
f - Fulminant Prism       Conj/Hex       18%        3d11      10%         4
s - Searing Ray           Conj           82%        2d7       1%          2

Your spell library contained the following spells:

 Spells                   Type           Power      Damage    Failure   Level
 Static Discharge         Conj/Air       46%        2-4/arc   4%          2
 Lesser Beckoning         Tloc           8%         N/A       26%         2
 Iskenderun's Mystic Bla  Conj/Tloc      23%        2d6       32%         4
 Gell's Gravitas          Tloc           4%         N/A       45%         3
 Teleport Other           Tloc           4%         N/A       45%         3
 Yara's Violent Unravell  Hex/Tmut       9%         3d6       80%         5
 Airstrike                Air            2%         2d(1-17)  86%         4
 Passage of Golubria      Tloc           4%         N/A       86%         4
 Tukima's Dance           Hex            Unusable   N/A       N/A         3
 Summon Lightning Spire   Summ/Air       Unusable   N/A       N/A         4

Dungeon Overview and Level Annotations

Branches:
Dungeon (10/15)            Temple (0/1) D:4            Lair (1/5) D:8
  Sewer (visited)         Ossuary (visited)
    Orc: D:9-12

Altars:
Dithmenos
Elyvilon
Okawaru
Ru
Sif Muna

Shops:
D:7 =[(*

Annotations:
D:7 3 runed translucent doors, olmar's ghost, novice MfTm


Innate Abilities, Weirdness & Mutations

You cannot wear most types of armour.
You are amphibious.
You can wear up to eight rings at the same time.
Your skin changes colour to match your surroundings (Stealth+).
Your rubbery body absorbs attacks. (AC +1, EV +1)
((You are camouflaged when in or above water. (Stealth+)))
You have tentacles for arms and can constrict up to eight enemies at once.
You are partially covered in large bone plates. (SH +4)
You are clumsy. (Dex -2)
Your flesh is heat resistant. (rF+)


Message History

The komodo dragon is moderately wounded.
An iguana comes into view.
You hear an angry hiss. x12
Casting: Fulminant Prism (dangerous; 10% risk of failure)
Confirm with . or Enter, or press ? or * to list all spells.
Okay, then.
Casting: Fulminant Prism (dangerous; 10% risk of failure)
Confirm with . or Enter, or press ? or * to list all spells.
Aiming: Searing Ray (safe; 1% risk of failure)
Press: ? - help, Shift-Dir - straight line, f - komodo dragon
Aim: a komodo dragon (moderately wounded, 87% to hit)
The searing ray hits the komodo dragon!
The komodo dragon is heavily wounded. (Press . to maintain the ray.) Unknown command.
The searing ray hits the komodo dragon but does no damage.
The komodo dragon is heavily wounded.
A komodo dragon comes into view.
You hit the komodo dragon but do no damage.
Your weapon exudes an aura of protection.
The komodo dragon is heavily wounded.
The komodo dragon barely misses you.
You closely miss the komodo dragon.
The komodo dragon is heavily wounded.
The komodo dragon bites you!!
The komodo dragon attacks as you move away!
The komodo dragon misses you.
There is a stone staircase leading down here.
The komodo dragon hisses menacingly.
The komodo dragon attacks as you move away!
The komodo dragon bites you!!
The komodo dragon attacks as you move away!
You block the komodo dragon's attack.
The komodo dragon attacks as you move away!
The komodo dragon bites you!!
* * * LOW HITPOINT WARNING * * *
A frilled lizard comes into view.
As you read the scroll of teleportation, it crumbles to dust.
You feel strangely unstable. The komodo dragon bites you!!
You die...

.................##
#............P.....
#..#..l........##P# #.
###.......l## #.P .
#......P..# .#
#..####..## #.##
##...####>#####..#
######....##.#l.......#
#.......#.@l..........#
##..).#######.#...#
#.#.## ##.#..# #>#..#
#####.....#
#.#†####.##..#...#
###...............##
#....<....####..###
#..#.##.P#.###..##
#.... ####..###..#


You could see 2 komodo dragons and a frilled lizard (wandering).

Vanquished Creatures
  A komodo dragon (Lair:1)
  2 trolls (D:9)
  Grinder (D:6)
  Prince Ribbit (D:6)
  Sigmund (D:6)
  11 yaks
  A basilisk (Lair:1)
  2 steam dragons
  A warg (D:10)
  4 water moccasins
  An ice beast (D:6)
  A sky beast (D:6)
  An orc warrior (D:7)
  2 ogres
  2 centaurs
  A kobold brigand (Sewer)
  A phantom (D:4)
  2 bullfrogs (Lair:1)
  2 gnoll sergeants (D:6)
  3 scorpions
  12 wights
  A crimson imp (D:9)
  9 hounds
  A centaur zombie (Ossuary)
  5 orc priests
  Jessica (D:3)
  4 iguanas
  9 orc wizards
  Terence (D:3)
  4 mummies (Ossuary)
  15 gnolls
  10 adders
  5 river rats (Sewer)
  2 shadow imps (D:8)
  4 white imps
  2 ufetubi
  6 worms
  3 dart slugs
  34 orcs
  8 ball pythons
  15 endoplasms
  A giant cockroach (D:3)
  8 goblins
  8 hobgoblins
  5 jackals
  23 kobolds
  8 quokkas
  8 bats
  12 frilled lizards
  2 hobgoblin zombies (Ossuary)
  A kobold zombie (Ossuary)
  4 orc zombies (Ossuary)
  24 rats
296 creatures vanquished.

Vanquished Creatures (others)
  An orc wizard (D:7)
  10 fulminant prisms
11 creatures vanquished.

Grand Total: 307 creatures vanquished

Notes
Turn   | Place    | Note
-------+----------+-------------------------------------------
     0 | D:1      | Midn8 the Octopode Conjurer began the quest for the Orb.
     0 | D:1      | Reached XP level 1. HP: 11/11 MP: 3/3
   234 | D:1      | Reached XP level 2. HP: 17/17 MP: 3/5
   512 | D:1      | Learned a level 2 spell: Searing Ray
   756 | D:1      | Reached XP level 3. HP: 18/21 MP: 4/7
  1776 | D:2      | Reached XP level 4. HP: 27/27 MP: 1/9
  2397 | D:3      | Noticed Terence
  2402 | D:3      | Killed Terence
  2584 | D:3      | Found an iron altar of Okawaru.
  2592 | D:3      | Became a worshipper of Warmaster Okawaru
  2601 | D:3      | Noticed Jessica
  2605 | D:3      | Killed Jessica
  2606 | D:3      | Reached XP level 5. HP: 31/31 MP: 7/11
  2799 | D:3      | Reached skill level 5 in Conjurations
  2846 | D:3      | Found a glowing drain.
  2863 | Sewer    | Entered a sewer
  3317 | Sewer    | Reached XP level 6. HP: 36/36 MP: 7/12
  4466 | D:4      | Reached * piety under Okawaru
  4467 | D:4      | Reached skill level 1 in Short Blades
  4467 | D:4      | Reached XP level 7. HP: 46/46 MP: 7/13
  4916 | D:4      | Reached skill level 1 in Invocations
  4973 | D:4      | Found a staircase to the Ecumenical Temple.
  5045 | D:4      | Reached ** piety under Okawaru
  5879 | D:5      | Entered Level 5 of the Dungeon
  5963 | D:5      | Reached XP level 8. HP: 49/52 MP: 7/14
  6358 | D:5      | Gained mutation: You are partially covered in large bone
                  | plates. (SH +4) [potion of mutation]
  6358 | D:5      | Gained mutation: You are clumsy. (Dex -2) [potion of
                  | mutation]
  6358 | D:5      | Gained mutation: Your flesh is heat resistant. (rF+)
                  | [potion of mutation]
  6780 | D:6      | Reached skill level 5 in Fighting
  6851 | D:6      | Noticed Prince Ribbit
  7088 | D:6      | Reached skill level 5 in Short Blades
  7247 | D:6      | Killed Prince Ribbit
  7502 | D:6      | Reached *** piety under Okawaru
  7503 | D:6      | Reached XP level 9. HP: 61/61 MP: 9/15
  7546 | D:6      | Learned a level 3 spell: Dazzling Flash
  7559 | D:6      | Noticed Sigmund
  7565 | D:6      | Killed Sigmund
  7716 | D:6      | Reached skill level 5 in Dodging
  7716 | D:6      | Reached skill level 1 in Hexes
  8507 | D:6      | Noticed Grinder
  8517 | D:6      | Killed Grinder
  8799 | D:7      | Reached skill level 5 in Stealth
  8916 | D:7      | Reached **** piety under Okawaru
  8951 | D:7      | Found Waun Tos's General Store.
  8951 | D:7      | Noticed a manticore
  8987 | D:7      | Found a sand-covered staircase.
  8998 | Ossuary  | Entered an ossuary
  9445 | D:7      | Found Wimn's Antique Weapon Boutique.
  9459 | D:7      | Found a runed translucent gate.
  9460 | D:7      | Found a runed translucent gate.
  9460 | D:7      | Found a runed translucent gate.
  9462 | D:7      | Noticed a two-headed ogre
  9466 | D:7      | Noticed olmar's ghost (novice MfTm)
  9753 | D:7      | Reached XP level 10. HP: 66/66 MP: 1/16
  9898 | D:7      | Found Kolyl's Jewellery Shop.
  9909 | D:7      | Found Otuerey's Armour Shop.
 10367 | D:8      | Reached skill level 1 in Evocations
 10886 | D:8      | Learned a level 4 spell: Fulminant Prism
 11005 | D:8      | Found a staircase to the Lair.
 11459 | D:8      | Identified the +6 broad axe of Bave {heavy, rPois rCorr
                  | Int+5 Stlth-}
 11563 | D:8      | Found a shimmering blue altar of Sif Muna.
 11565 | D:8      | Found a white marble altar of Elyvilon.
 11727 | D:9      | Found a shadowy altar of Dithmenos.
 12252 | D:9      | Received a gift from Okawaru
 12253 | D:9      | Reached skill level 5 in Hexes
 13394 | D:9      | Reached ***** piety under Okawaru
 13532 | D:9      | Found a sacrificial altar of Ru.
 13851 | D:10     | Entered Level 10 of the Dungeon
 14007 | D:10     | Noticed a two-headed ogre
 14046 | Lair:1   | Entered Level 1 of the Lair of Beasts
 14114 | Lair:1   | Reached skill level 1 in Throwing
 14114 | Lair:1   | Reached XP level 11. HP: 19/75 MP: 13/17
 14327 | Lair:1   | Found an iron altar of Okawaru.
 14483 | Lair:1   | HP: 3/75 [komodo dragon (28)]
 14484 | Lair:1   | Demolished by a komodo dragon

Illustrated notes

Levels and vault maps discovered:
D:1:      scummos_arrival_simple_crosswalls, layout_rooms
D:2:      minmay_razor_zed, layout_loops_ring, serial_glass, glass_columns_c,
          glass_columns_a, feat_on_display, minmay_strange_pillars
D:3:      layout_loops_corners, okawaru_metal_pillars_1_2,
          cheibrodos_sewer_entry_bend, uniq_jessica, uniq_terence
D:4:      layout_loops_ring, minmay_temple_entry_proselytizer, grunt_tough_drop
D:5:      layout_cave_pools, minivault_1, minmay_crystal_room,
          hangedman_decor_opposing, minmay_misc_feat_cross
D:6:      layout_basic, uniq_grinder, uniq_sigmund, uniq_prince_ribbit1
D:7:      layout_basic, serial_shops, nicolae_shop_trees, shop,
          nicolae_take_the_stairs, shop, nicolae_ossuary_entry_ruins,
          gammafunk_ghost_split
D:8:      layout_basic, minitemple, lair_entry_dummy, serial_demonic,
          serial_demonic_g, serial_demonic_c, serial_demonic_b,
          serial_demonic_b, minivault_22
D:9:      mumra_celtic_spiral_tile, layout_loops_ring,
          nicolae_overflow_crystal_walls, kennysheep_little_box,
          minmay_fire_ice_demons
D:10:     layout_gridville, mainiacjoe_overflow_concentric_impassable,
          erik_orc_4, enter_bailey_5, minmay_curled_crystal
Lair:1:   lemuel_reptile_caves, layout_loops_ring, basic_altar, worms_lemuel,
          lemuel_fruit_fields

Skill      XL: |  1  2  3  4  5  6  7  8  9 10 11 |
---------------+----------------------------------+-----
Spellcasting   | 3 4 |  4.0
Conjurations   | 5 6 7 8 |  8.0
Fighting       | 3 5 7 |  7.0
Short Blades   | 1 4 6 |  6.0
Invocations    | 4 |  4.0
Dodging        | 3 5 |  5.0
Hexes          | 4 6 |  6.0
Stealth        | 6 8 |  8.0
Evocations     | 4 |  4.0
Throwing       | 1 3 |  3.3

Action                     |  1- 3 |  4- 6 |  7- 9 | 10-12 || total
---------------------------+-------+-------+-------+-------++-------
  Melee: Unarmed           |     6 |       |       |       ||     6
         Tentacles         |     3 |     8 |    27 |    10 ||    48
         Whip              |     8 |     7 |       |       ||    15
         Constrict         |     2 |     8 |    21 |     4 ||    35
         Dagger            |       |    27 |    99 |    47 ||   173
         Punch             |       |       |     1 |       ||     1
   Cast: Magic Dart        |    82 |    83 |   150 |    56 ||   371
         Searing Ray       |     1 |    15 |    62 |    36 ||   114
         Dazzling Flash    |       |       |     1 |     5 ||     6
         Fulminant Prism   |       |       |       |    10 ||    10
 Invoke: Heroism           |       |       |     1 |       ||     1
    Use: Scroll            |     1 |     8 |     4 |     4 ||    17
         Potion            |       |       |     1 |       ||     1
   Stab: Sleeping          |       |     3 |     7 |     2 ||    12
         Invisible         |       |       |     1 |       ||     1
 Armour: Skin              |     3 |     7 |    10 |     9 ||    29
  Dodge: Dodged            |    25 |    28 |    65 |    41 ||   159
  Block: Buckler           |       |       |    25 |    28 ||    53

Table legend: (Time is in decaauts)
 A = Elapsed time spent in this place.
 B = Non-inter-level travel time spent in this place.
 C = Inter-level travel time spent in this place.
 D = Time resting spent in this place.
 E = Time spent auto-exploring this place.
 F = Levels seen in this place.
 G = Mean time per level.
                   A        B        C        D        E       F      G
               +--------+--------+--------+--------+--------+-----+--------+
         Total |  14451 |  14026 |    425 |   5882 |   5683 |  13 | 1111.6 |
       Dungeon |  12781 |  12357 |    424 |   5024 |   5387 |  10 | 1278.1 |
          Lair |    437 |    437 |      0 |    286 |     56 |   1 |  437.0 |
         Sewer |    952 |    952 |      0 |    485 |    229 |   1 |  952.0 |
       Ossuary |    279 |    279 |      0 |     87 |     11 |   1 |  279.0 |
               +--------+--------+--------+--------+--------+-----+--------+

Top non-repeatable levels by time:
     D:6: 2035 daAuts
     D:9: 1852 daAuts
     D:8: 1667 daAuts
     D:4: 1526 daAuts
     D:2: 1366 daAuts
     D:7: 1276 daAuts
     D:3: 1147 daAuts
   Sewer: 952 daAuts
     D:1: 920 daAuts
     D:5: 827 daAuts
  Lair:1: 437 daAuts
 Ossuary: 279 daAuts
    D:10: 161 daAuts
